 Dungeon Crawl Stone Soup version 0.17-a0-2147-gfb20a63 (console) character file.

513 brucemayne the Chopper (level 7, 32/52 HPs)
             Began as a Demonspawn Berserker on Oct 24, 2015.
             Was a Believer of Trog.
             Quit the game on level 6 of the Dungeon.
             The game lasted 00:03:54 (903 turns).

brucemayne the Chopper (Demonspawn Berserker)        Turns: 903, Time: 00:03:54

Health: 32/52      AC:  7    Str: 19    XL:     7   Next: 0%
Magic:  7/7        EV: 10    Int:  8    God:    Trog [**....]
Gold:   85         SH:  0    Dex: 13    Spells: 0 memorised, 6 levels left

rFire  . . .     SeeInvis .     a - +1 hand axe
rCold  + . .     Clarity  .     g - +1 scale mail
rNeg   . . .     SustAt   .     (no shield)
rPois  .         Gourm    .     (no helmet)
rElec  .         Spirit   .     (no cloak)
rCorr  .         Warding  .     (no gloves)
rMut   .         Rnd*Tele +     (no boots)
MR     .....                    (no amulet)
Stlth  ++........               n - ring of stealth
                                k - ring of teleportation (curse)

@: mildly poisoned (32 -> 32), not resistant to hostile enchantments, unstealthy
A: talons 2, cold resistance 1, nightstalker 1
a: Berserk, Trog's Hand, Burn Spellbooks, Renounce Religion, Evoke Teleportation


You were on level 6 of the Dungeon.
You worshipped Trog.
Trog was pleased with you.
You were not hungry.

You visited 2 branches of the dungeon, and saw 7 of its levels.

You collected 85 gold pieces.

Inventory:

Hand Weapons
 a - a +1 hand axe (weapon)
Armour
 b - a +0 animal skin
 g - a +1 scale mail (worn)
Jewellery
 k - a cursed ring of teleportation (left hand)
 n - a ring of stealth (right hand)
Wands
 e - a wand of polymorph (9)
 i - a wand of lightning (5)
Scrolls
 h - a scroll of identify
 l - a scroll of enchant weapon
 m - a scroll of remove curse
Potions
 f - 2 potions of curing
 j - a potion of might {unknown}
Books
 d - a book of Cantrips

   Spells                             Type                      Level
   a - Corona                         Hexes                        1
   b - Animate Skeleton               Necromancy                   1
   c - Summon Small Mammal            Summoning                    1
   d - Apportation                    Translocation                1
   Trog disapproves of the use of such an item.
Comestibles
 c - 2 bread rations


   Skills:
 - Level 3.0 Fighting
 + Level 7.3 Axes
 - Level 1.7 Armour
 - Level 1.7 Dodging


You had 6 spell levels left.
You didn't know any spells.

Dungeon Overview and Level Annotations

Branches:
Dungeon (6/15)             Temple (1/1) D:5

Altars:
Ashenzari
Cheibriados
Elyvilon
Fedhas
Makhleb
Nemelex Xobeh
Okawaru
Qazlal
Ru
Vehumet
Yredelemnul
The Shining One

Annotations:
D:6 Dowan


Innate Abilities, Weirdness & Mutations

You have razor-sharp toenails.
Your flesh is cold resistant.
You are slightly more attuned to the shadows.


Message History

The worker ant bites you.
You hit the worker ant.
You kill the worker ant!
Trog accepts your kill.
You have reached level 7!
Your demonic ancestry asserts itself...
You feel resistant to cold.
You feel sick.
h - a scroll of identify There isn't anything here!
There are no items here.
You feel sick.
Found a scroll of remove curse.
An adder and a skeleton come into view.
You feel sick.
You feel sick.
You see here a scroll of remove curse.
m - a scroll of remove curse The adder barely misses you.
The adder bites you but does no damage.
Are you sure you want to abandon this character and quit the game? (Confirm with "yes".)

# #......# #.##....# #
#......###$#.....#
#####
#......#..<.....##
.....
..........###...#
###.. #.#.#..#####...#
# .##Z.....#......##
..# ..
...../#....#####
.......####...##....#
.#..............@#..##
................S....#
# .
........(.......... #
#................# #
####...............##
#...........#.....##
##.#).#.............#
##..#...........##.#..
...#............# .#


You could see an adder.

Vanquished Creatures
  Grinder (D:6)
  Menkaure (D:5)
  A crimson imp (D:5)
  2 worker ants
  3 gnolls (D:5)
  5 adders
  A shadow imp (D:5)
  A giant gecko (D:2)
  5 orcs (D:6)
  A giant cockroach (D:3)
  A hobgoblin (D:2)
  5 jackals
  A bat (D:3)
  2 giant newts
  A goblin (D:1)
  2 quokkas
  3 rats
36 creatures vanquished.

Notes
Turn   | Place    | Note
--------------------------------------------------------------
     0 | D:1      | brucemayne the Demonspawn Berserker began the quest for the Orb.
     0 | D:1      | Reached XP level 1. HP: 18/18 MP: 1/1
   111 | D:2      | Gained mutation: You have sharp toenails. [demonic ancestry]
   111 | D:2      | Reached XP level 2. HP: 13/24 MP: 2/2
   236 | D:4      | Reached skill level 4 in Axes
   236 | D:4      | Gained mutation: You have razor-sharp toenails. [demonic ancestry]
   236 | D:4      | Reached XP level 3. HP: 27/29 MP: 3/3
   327 | D:5      | Entered Level 5 of the Dungeon
   336 | D:5      | Found a staircase to the Ecumenical Temple.
   347 | Temple   | Entered the Ecumenical Temple
   527 | D:5      | Reached ** piety under Trog
   527 | D:5      | Reached XP level 4. HP: 26/35 MP: 4/4
   655 | D:6      | Noticed Grinder
   675 | D:6      | Killed Grinder
   675 | D:6      | Reached skill level 6 in Axes
   675 | D:6      | Reached XP level 5. HP: 28/41 MP: 5/5
   675 | D:6      | Gained mutation: You are slightly more attuned to the shadows. [demonic ancestry]
   675 | D:6      | Reached XP level 6. HP: 32/47 MP: 6/6
   790 | D:5      | Noticed Menkaure
   798 | D:5      | Killed Menkaure
   798 | D:5      | Reached skill level 7 in Axes
   866 | D:6      | Noticed Dowan
   891 | D:6      | Gained mutation: Your flesh is cold resistant. [demonic ancestry]
   891 | D:6      | Reached XP level 7. HP: 34/52 MP: 7/7
   903 | D:6      | Quit the game

Vault maps used:
D:1:      dpeg_arrival_connections, st_stairs_9
D:2:      first_bread
D:3:      ecumenical_altar_2, grunt_ministairs_15
D:4:      serial_shops, shop, st_stairs_1, nicolae_ru_sacrificial_ziggurat
D:5:      minmay_temple_entry_statues_pillars, serial_curves, eino_curves_02,
          eino_curves_03, corexii_hall_statues_l, uniq_menkaure
D:6:      nemelex_dance_club_becter, uniq_duvessa, uniq_grinder, uniq_eustachio
Temple:   triangle_lava_temple_12

Action                   |  1- 3 |  4- 6 |  7- 9 || total
-------------------------+-------+-------+-------++-------
Melee: Hand axe          |    47 |    62 |       ||   109
Invok: Berserk           |     5 |     3 |       ||     8
       Trog's Hand       |       |     3 |       ||     3
  Use: Scroll            |     1 |     6 |       ||     7
  Eat: Chunk             |     3 |     6 |       ||     9
